 Dungeon Crawl Stone Soup version 0.26-a0-49-g0e6732e0a6 (webtiles) character file.

Game seed: 8473766829055256009

4830 Maedhros the Covert (level 10, -1/69 HPs)
             Began as an Octopode Artificer on June 4, 2020.
             Was a Believer of Cheibriados.
             Killed by divine providence
             ... invoked by an orc priest
              (7 damage)
             ... on level 11 of the Dungeon.
             The game lasted 00:20:11 (2812 turns).

Maedhros the Covert (Octopode Artificer)            Turns: 2812, Time: 00:20:12

Health: -1/69      AC:  1    Str: 17    XL:     10   Next: 49%
Magic:  0/12       EV: 18    Int: 19    God:    Cheibriados [**....]
Gold:   283        SH:  0    Dex: 20    Spells: 5/9 levels left

rFire    . . .     SeeInvis .   m - +2 rapier (vamp)
rCold    + . .     Gourm    .   (no shield)
rNeg     . . .     Faith    .   (helmet restricted)
rPois    .         Spirit   +   i - amulet of guardian spirit
rElec    .         Reflect  .   z - ring of protection from cold
rCorr    .         Harm     .   (no ring)
MR       .....                  (no ring)
Stlth    ++++++....             (no ring)
HPRegen  0.21/turn              (no ring)
MPRegen  0.13/turn              (no ring)
                                (no ring)
                                (no ring)

@: slowed, very slow
A: almost no armour, stealthy swim, amphibious, 8 rings, constrict 8, camouflage
1, gelatinous body 1
a: Bend Time, Renounce Religion


You were on level 11 of the Dungeon.
You worshipped Cheibriados.
Cheibriados was pleased with you.
You were not hungry.

You visited 2 branches of the dungeon, and saw 12 of its levels.

You collected 283 gold pieces.

Inventory:

Hand Weapons
 e - a +0 hunting sling
 m - a +2 vampiric rapier (weapon)
 w - a cursed +5 scimitar
Missiles
 k - 3 silver javelins (quivered)
 o - 23 poisoned darts
 s - a throwing net
Jewellery
 i - an amulet of guardian spirit (around mantle)
 z - a ring of protection from cold (left tentacle)
Wands
 a - a wand of polymorph (11)
 b - a wand of flame (2)
 c - a wand of enslavement (4)
 d - a wand of random effects (9)
 r - a wand of paralysis (6)
Scrolls
 g - 5 scrolls of teleportation {unknown}
 j - 2 scrolls of fog {unknown}
 l - 3 scrolls of amnesia {unknown}
 p - 2 scrolls of fear {unknown}
 x - a scroll of magic mapping {unknown}
 y - a scroll of immolation {unknown}
 D - 2 scrolls of remove curse
 E - 2 scrolls of enchant armour
Potions
 h - 3 potions of curing
 n - a potion of might
 q - 2 potions of lignification
 t - a potion of resistance
 u - a potion of brilliance {unknown}
 v - a potion of flight {unknown}
 C - a potion of heal wounds {unknown}
Comestibles
 f - 5 rations
 A - 2 chunks of flesh


   Skills:
 + Level 6.3 Fighting
 - Level 6.1(6.7) Short Blades
 + Level 4.0(5.7) Long Blades
 + Level 6.5 Dodging
 + Level 12.4 Stealth
 + Level 2.1 Hexes
 + Level 2.0 Earth Magic
 - Level 3.2 Evocations


You had 5 spell levels left.
You knew the following spells:

 Your Spells              Type           Power        Failure   Level  Hunger
a - Leda's Liquefaction   Hex/Erth       #.........   65%         4    #####..

Your spell library contained the following spells:

 Spells                   Type           Power        Failure   Level  Hunger
 Corona                   Hex            #......      9%          1    ##.....
 Slow                     Hex            #.......     13%         2    ###....
 Shock                    Conj/Air       #...         21%         1    ##.....
 Swiftness                Chrm/Air       #.......     30%         2    ###....
 Inner Flame              Hex/Fire       #.......     36%         3    ####...
 Portal Projectile        Hex/Tloc       #.....       36%         3    ####...
 Static Discharge         Conj/Air       #.......     52%         3    ####...
 Cause Fear               Hex            #.........   63%         4    #####..
 Airstrike                Air            #.........   90%         4    #####..
 Lightning Bolt           Conj/Air       #.........   99%         5    ######.


Dungeon Overview and Level Annotations

Branches:
Dungeon (11/15)            Temple (1/1) D:7             Orc (0/2) D:9
   Lair: D:8-11

Altars:
Ashenzari
Cheibriados
Dithmenos
Elyvilon
Kikubaaqudgha
Makhleb
Qazlal
Ru
Trog
Uskayaw
Wu Jian
The Shining One

Shops:
D:4 ?   D:7 [*=:[   D:10 =

Annotations:
D:5 2 transporters
D:6 2 transporters, Dowan, Duvessa
D:10 Erolcha


Innate Abilities, Weirdness & Mutations

You cannot wear most types of armour.
You are very stealthy in the water. (Stealth+)
You are amphibious.
You can wear up to eight rings at the same time.
You can use your tentacles to constrict eight enemies at once.
Your skin changes colour to match your surroundings (Stealth+).
Your rubbery body absorbs attacks. (AC +1, EV +1)


Message History

Okay, then.
Evoke which item? (* to show all) (? for menu, Esc to quit)
Okay, then.
Unknown command.
Evoke which item? (* to show all) (? for menu, Esc to quit)
Okay, then.
Evoke which item? (* to show all) (? for menu, Esc to quit)
Aiming: Paralyse
Press: ? - help, Shift-Dir - straight line, f - troll
Aim: a troll (chance to defeat MR: 55%)
Okay, then.
Okay, then.
Evoke which item? (* to show all) (? for menu, Esc to quit)
Aiming: Paralyse
Press: ? - help, Shift-Dir - straight line, f - troll
Aim: a troll (chance to defeat MR: 55%)
The troll suddenly stops moving!
The orc wizard zaps a wand.
You easily resist.
The orc priest invokes the aid of Beogh against you.
Beogh smites you!
You die...

T# #. #.### #
.#.. ....## .#o#
#..# ## #...#
###.. .. $...
#.... #. ..#
#.##. ####. ##.#
# #÷
#....##T.####.
.##. #.†@o......#
.##.
..####..####..#
#.##.
.........### #
..##.
.r####.#...# ##.#
#.
#..###.#######..#
## #.#
#.#.......#####
..
#.............#
#.#
##....#######.#
.. #....# #>#


You could see a troll (paralysed), an orc priest and an orc wizard (fast).

Vanquished Creatures
  2 two-headed ogres
  Pikel (D:5)
  A kobold demonologist (D:11)
  A hornet (D:8)
  3 orc warriors (D:9)
  A hungry ghost (D:11)
  Edmund (D:6)
  A porcupine (D:11)
  A black bear (D:6)
  A centaur (D:11)
  A wolf (D:11)
  A crocodile (D:7)
  2 ogres
  8 bullfrogs
  2 big kobolds
  2 scorpions (D:7)
  A wyvern skeleton (D:8)
  3 wights (D:7)
  4 crimson imps
  4 hounds
  A quasit (D:8)
  A centaur skeleton (D:7)
  4 jellies
  3 iguanas
  3 orc priests
  3 orc wizards
  2 bullfrog skeletons
  Jessica (D:3)
  6 worker ants
  A killer bee zombie (D:8)
  5 adders
  4 shadow imps
  A worm (D:3)
  2 leopard geckos
  10 orcs
  A giant cockroach (D:6)
  A hobgoblin (D:3)
  12 kobolds
  2 quokkas
  A frilled lizard (D:2)
  2 leopard gecko skeletons (D:4)
  A quokka zombie (D:7)
108 creatures vanquished.

Vanquished Creatures (collateral kills)
  A gargoyle (D:9)
  3 orc priests (D:9)
  4 orcs (D:4)
8 creatures vanquished.

Vanquished Creatures (others)
  A giant cockroach (D:5)
  25 fungi (D:11)
  6 plants (D:11)
32 creatures vanquished.

Grand Total: 148 creatures vanquished

Notes
Turn   | Place    | Note
-------+----------+-------------------------------------------
     0 | D:1      | Maedhros the Octopode Artificer began the quest for the
                  | Orb.
     0 | D:1      | Reached XP level 1. HP: 13/13 MP: 3/3
     4 | D:2      | Reached skill level 3 in Stealth
     4 | D:2      | Reached XP level 2. HP: 18/18 MP: 4/4
    70 | D:2      | Found a stormy altar of Qazlal.
   100 | D:3      | Noticed Jessica
   156 | D:3      | Killed Jessica
   156 | D:3      | Reached skill level 4 in Stealth
   156 | D:3      | Reached XP level 3. HP: 16/23 MP: 5/5
   184 | D:4      | Found Hereje's Magic Scroll Shoppe.
   303 | D:4      | Reached skill level 5 in Stealth
   313 | D:4      | Reached XP level 4. HP: 15/28 MP: 3/6
   341 | D:4      | Noticed an ogre
   346 | D:4      | Killed an ogre
   346 | D:4      | Reached skill level 6 in Stealth
   346 | D:4      | Reached XP level 5. HP: 31/33 MP: 7/7
   391 | D:5      | Entered Level 5 of the Dungeon
   424 | D:5      | Found a shattered altar of Ashenzari.
   424 | D:5      | Noticed a two-headed ogre
   425 | D:5      | Found a transporter.
   425 | D:5      | Noticed a cyclops
   434 | D:5      | Found a transporter.
   435 | D:5      | Found a bloodstained altar of Trog.
   435 | D:5      | Noticed a sky beast
   513 | D:5      | Killed a two-headed ogre
   513 | D:5      | Reached skill level 8 in Stealth
   513 | D:5      | Reached XP level 6. HP: 42/42 MP: 8/8
   513 | D:5      | Reached XP level 7. HP: 46/46 MP: 9/9
   566 | D:6      | Found a transporter.
   579 | D:6      | Reached XP level 8. HP: 52/52 MP: 10/10
   623 | D:6      | Found a transporter.
   663 | D:6      | Reached skill level 9 in Stealth
   689 | D:5      | Noticed Pikel
   700 | D:5      | Killed Pikel
   700 | D:5      | Reached skill level 5 in Short Blades
   856 | D:6      | Noticed Edmund
   856 | D:6      | Noticed Duvessa
   856 | D:6      | Noticed Dowan
   867 | D:6      | Killed Edmund
   867 | D:6      | Reached skill level 10 in Stealth
   965 | D:7      | Found Powif's Antique Armour Emporium.
  1034 | D:7      | Found a sacrificial altar of Ru.
  1062 | D:7      | Found Ybiefow's Antique Armour Shop.
  1162 | D:7      | Reached XP level 9. HP: 47/58 MP: 8/11
  1316 | D:7      | Found Nopemu's Book Emporium.
  1327 | D:7      | Found Eseqasag's Jewellery Shoppe.
  1340 | D:7      | Found Qoosyosh's General Store.
  1364 | D:7      | Reached skill level 11 in Stealth
  1385 | D:7      | Found a staircase to the Ecumenical Temple.
  1392 | D:7      | Reached skill level 5 in Dodging
  1397 | Temple   | Entered the Ecumenical Temple
  1414 | Temple   | Became a worshipper of Cheibriados the Contemplative
  1549 | D:8      | Noticed a hornet
  1558 | D:8      | Killed a hornet
  1558 | D:8      | Reached skill level 5 in Fighting
  1558 | D:8      | Reached skill level 1 in Long Blades
  1816 | D:9      | Reached * piety under Cheibriados
  1855 | D:9      | Found a staircase to the Orcish Mines.
  1955 | D:9      | Reached skill level 12 in Stealth
  1955 | D:9      | Reached XP level 10. HP: 26/68 MP: 4/12
  2030 | D:9      | Learned a level 4 spell: Leda's Liquefaction
  2043 | D:9      | Noticed a two-headed ogre
  2043 | D:9      | Noticed a gargoyle
  2051 | D:9      | Killed a gargoyle
  2058 | D:9      | Killed a two-headed ogre
  2125 | D:9      | Found an ornate altar of the Wu Jian Council.
  2202 | D:9      | Reached skill level 1 in Hexes
  2237 | D:9      | Reached skill level 1 in Earth Magic
  2288 | D:10     | Entered Level 10 of the Dungeon
  2347 | D:10     | Reached ** piety under Cheibriados
  2433 | D:10     | Found Omugaer's Jewellery Emporium.
  2534 | D:10     | Noticed Erolcha
  2790 | D:11     | Noticed a kobold demonologist
  2800 | D:11     | Killed a kobold demonologist
  2805 | D:11     | Paralysed by an orc wizard for 7 turns
  2812 | D:11     | Killed from afar by an orc priest

Illustrated notes

Levels and vault maps discovered:
D:1:      dpeg_arrival_refuge, layout_rooms, serial_forest,
          infiniplex_forest_lined_3, infiniplex_forest_clump_double,
          infiniplex_forest_lined_room_2, infiniplex_forest_clump_long,
          infiniplex_forest_straight_3, infiniplex_forest_clump_double,
          infiniplex_forest_3_way, infiniplex_forest_corner_1,
          infiniplex_forest_straight_2, minmay_small_reverse_x
D:2:      layout_basic, nicolae_overflow_crystal_walls, old_standard_altar,
          grunt_qazlal_sundering
D:3:      layout_basic, xom_redecorated, uniq_robin, uniq_jessica
D:4:      layout_gridville, first_ration, serial_shops, shop_statue
D:5:      layout_cave_pods, overflow_temple_1_default,
          gammafunk_temple_overflow_arena, bh_walls_and_bars, uniq_pikel
D:6:      gammafunk_cloud_chamber, layout_layer_cave, minmay_misc_feat_room,
          hangedman_abyss_or_decor_passed, feat_on_display, uniq_edmund,
          uniq_duvessa
D:7:      layout_basic, minmay_temple_entry_proselytizer, serial_shops,
          kennysheep_little_box, nicolae_shop_stone, nicolae_shop_stone,
          nicolae_shop_behind_doors, kennysheep_mini_moat,
          nicolae_ru_sacrificial_ziggurat, uniq_joseph
D:8:      layout_cave_pools
D:9:      dragon1_lemuel, layout_small_grid, lemuel_crystal_altar,
          david_orc_1_choice
D:10:     layout_basic, serial_shops, shop, uniq_erolcha
D:11:     layout_rooms, due_lair_maze_entry_diamond
Temple:   eino_temple_water

Skill      XL: |  1  2  3  4  5  6  7  8  9 10 |
---------------+-------------------------------+-----
Stealth        | 3 4 5 6 8 10 12 | 12.4
Short Blades   | 4 5 6 |  6.1
Fighting       | 3 4 5 6 |  6.3
Dodging        | 3 4 6 |  6.5
Long Blades    | 3 4 |  4.0
Hexes          | 2 |  2.1
Earth Magic    | 2 |  2.0
Evocations     | |  3.2

Action                   |  1- 3 |  4- 6 |  7- 9 | 10-12 || total
-------------------------+-------+-------+-------+-------++-------
Melee: Short sword       |     9 |       |       |       ||     9
       Constrict         |     3 |     1 |    31 |    17 ||    52
       Tentacles         |     1 |       |    29 |    27 ||    57
       Rapier            |     5 |     5 |   156 |    88 ||   254
Evoke: Wand              |     8 |     7 |    18 |     6 ||    39
  Use: Scroll            |       |       |     3 |     3 ||     6
 Stab: Sleeping          |     4 |     3 |    19 |    10 ||    36
       Betrayed ally     |     1 |       |       |       ||     1
       Paralysed         |       |       |     4 |       ||     4
  Eat: Chunk             |       |       |     3 |     3 ||     6
Armor: Skin              |     2 |       |    11 |     1 ||    14
Dodge: Dodged            |    10 |     3 |   113 |    50 ||   176

Table legend:
 A = Non-vault XP
 B = Vault XP
 C = Vault XP percentage of total XP
 D = Non-vault monster count
 E = Vault monster count
 F = Vault count percentage of total count
                 A         B        C        D         E       F
            +---------+---------+-------+---------+---------+-------
      Total |    5594 |    1307 |  18.9 |     102 |      14 |  12.1
            +---------+---------+-------+---------+---------+-------
        D:2 |      14 |       0 |   0.0 |       2 |       0 |   0.0
        D:3 |       7 |      37 |  84.1 |       2 |       1 |  33.3
        D:4 |     142 |       0 |   0.0 |      10 |       0 |   0.0
        D:5 |    1045 |     385 |  26.9 |       4 |       1 |  20.0
        D:6 |     397 |     171 |  30.1 |       7 |       1 |  12.5
        D:7 |     896 |      41 |   4.4 |      16 |       1 |   5.9
        D:8 |     882 |       0 |   0.0 |      17 |       0 |   0.0
        D:9 |     897 |     528 |  37.1 |      18 |       9 |  33.3
       D:10 |     405 |       0 |   0.0 |      16 |       0 |   0.0
       D:11 |     909 |     145 |  13.8 |      10 |       1 |   9.1
            +---------+---------+-------+---------+---------+-------
